 Dungeon Crawl Stone Soup version 0.29-a0-378-gc08b2e8bf8 (webtiles) character file.

Game seed: 14307975305954290867

408 zeratav the Slicer (level 7, 0/44 HPs)
             Began as a Kobold Gladiator on May 4, 2022.
             Constricted to death by a ball python (1 damage)
             ... in a sewer.
             The game lasted 00:05:06 (4439 turns).

zeratav the Slicer (Kobold Gladiator)               Turns: 4439, Time: 00:05:06

Health: 0/44       AC:  5    Str: 12    XL:     7   Next: 13%
Magic:  7/7        EV: 13    Int:  7    God:
Gold:   185        SH:  0    Dex: 18    Spells: 6/6 levels left

rFire   . . .      SeeInvis +   y - +8 long sword of Conscience {venom, rC+ Int-2 SInv, long}
rCold   + + .      Faith    .   (no shield)
rNeg    . . .      Spirit   .   q - +2 robe {rC+}
rPois   .          Reflect  .   c - +0 helmet
rElec   .          Harm     .   (no cloak)
rCorr   .          Rampage  .   (no gloves)
Will    .....                   (no boots)
Stlth   ++........              (no amulet)
HPRegen 0.14/turn               (no ring)
MPRegen 0.10/turn               (no ring)

@: lethally poisoned (0 -> -3), constricted, very slow
A: small, no large weapons, nightstalker 3
a: no special abilities


You were in a sewer.
You visited 1 branch of the dungeon, and saw 4 of its levels.
You also visited: Sewer.

You collected 185 gold pieces.


Innate Abilities, Weirdness & Mutations

You are small and have problems with some larger weapons.
You are completely attuned to the shadows.


   Skills:
 - Level 5.0 Fighting
 + Level 8.2 Short Blades
 - Level 2.1 Throwing
 - Level 3.6 Dodging


You had 6 spell levels left.
You didn't know any spells.
Your spell library contained the following spells:

 Spells                   Type           Power      Damage    Failure   Level
 Tukima's Dance           Hex            0%         N/A       80%         3
 Passage of Golubria      Tloc           0%         N/A       99%         4
 Yara's Violent Unravell  Hex/Tmut       0%         3d3       100%        5

Inventory:

Hand Weapons
 a - a +0 rapier {short}
 s - the +6 whip of the Wilderness {venom, rCorr Dex+5, mace}
   (You took it off a hobgoblin on level 2 of the Dungeon)

   It poisons the flesh of those it strikes.
   Dex:       It affects your dexterity (+5).
   rCorr:     It protects you from acid and corrosion.
 t - the +7 Throatcutter {drain, coup de grace}
   (You took it off Terence on level 2 of the Dungeon)

   A truly terrible weapon, it drains the life of any living foe it strikes.
   It may instantly kill foes which have little health.
 y - the +8 long sword of Conscience (weapon) {venom, rC+ Int-2 SInv, long}
   (You found it on level 3 of the Dungeon)

   It poisons the flesh of those it strikes.
   Int:       It affects your intelligence (-2).
   rC:        It protects you from cold.
   SInv:      It lets you see invisible.
Missiles
 d - 3 throwing nets {=fthrowing}
 e - 2 boomerangs (quivered) {throwing}
 D - 3 silver boomerangs {throwing}
Armour
 c - a +0 helmet (worn)
 q - a +2 robe of cold resistance (worn)
   (You took it off Sigmund on level 2 of the Dungeon)
Scrolls
 b - a scroll of fear {unknown}
 g - a scroll of poison {unknown}
 k - 2 scrolls of blinking {unknown}
 l - a scroll of fog {unknown}
 m - a scroll of vulnerability {unknown}
 p - a scroll of summoning {unknown}
 r - a scroll of identify {unknown}
 v - a scroll of enchant weapon {unknown}
 w - a scroll of amnesia {unknown}
 x - 5 scrolls of noise {unknown}
 B - 2 scrolls of teleportation {unknown}
Potions
 h - a potion of lignification {unknown}
 i - 2 potions of berserk rage {unknown}
 j - 2 potions of curing {unknown}
 n - a potion of haste {unknown}
 o - 3 potions of invisibility {unknown}
 F - a potion of attraction {unknown}

Dungeon Overview and Level Annotations

Branches:
Dungeon (4/15)              Sewer (1/1)
 Temple: D:4-7

Altars:
Ashenzari
Cheibriados

##. ##### #..'. #..#.
####.
##################..
.#≈≈≈≈≈≈≈≈≈≈≈≈≈≈≈...†
..≈SSS≈≈≈≈≈≈≈≈≈≈≈≈†††
..SF@S≈≈≈≈≈≈≈≈≈≈≈....
.≈≈SSF≈#≈≈#≈≈≈≈≈≈≈...
..≈≈≈≈≈≈..≈#≈≈≈≈≈≈...
..≈≈≈≈≈≈≈≈≈≈≈≈≈≈≈.†##
####################


You could see 2 bullfrogs, 2 adders and 5 ball pythons.


Message History

You take 12 damage, and now have 29/44 hp.
MASSIVE DAMAGE!! (PAUSE)
You are too injured to fight recklessly!
You are too injured to fight recklessly!
You are too injured to fight recklessly!
You are too injured to fight recklessly!
You are too injured to fight recklessly!
You are too injured to fight recklessly!
You are too injured to fight recklessly!
You are too injured to fight recklessly!
You are too injured to fight recklessly!
You are too injured to fight recklessly!
You are too injured to fight recklessly!
You are too injured to fight recklessly!
You are too injured to fight recklessly!
You are too injured to fight recklessly!
You are too injured to fight recklessly!
You are too injured to fight recklessly!
You are too injured to fight recklessly!
You are too injured to fight recklessly!
You are too injured to fight recklessly!
You are too injured to fight recklessly!
You are too injured to fight recklessly!
You slash the frilled lizard!
You kill the frilled lizard!
The bullfrog closely misses you.
The ball python bites you but does no damage.
The adder misses you. The ball python loses its grip on you.
The bullfrog closely misses you.
The ball python bites you but does no damage.
The ball python grabs you. The ball python constricts you.
The bullfrog closely misses you. The ball python closely misses you.
The ball python barely misses you. The adder bites you.
You are poisoned.
The adder poisons you!
HP[-3]
You take 3 damage, and now have 26/44 hp.
Your unstable footing causes you to fumble your attack.
You feel sick. The bullfrog barely misses you.
The bullfrog completely misses you. The ball python closely misses you.
The ball python constricts you. The adder closely misses you.
The ball python bites you but does no damage.
The ball python closely misses you.
The ball python bites you but does no damage.
The bullfrog hits you.
* * * LOW HITPOINT WARNING * * *
The adder bites you.
* * * LOW HITPOINT WARNING * * *
You are more poisoned.
The adder poisons you! The bullfrog closely misses you.
The ball python barely misses you. The ball python constricts you.
* * * LOW HITPOINT WARNING * * *
The adder closely misses you.
The ball python bites you but does no damage.
The ball python misses you.
HP[-9]
You take 9 damage, and now have 17/44 hp.
MASSIVE DAMAGE!! (PAUSE)
Your unstable footing causes you to fumble your attack.
You feel sick. The bullfrog hits you.
* * * LOW HITPOINT WARNING * * *
The bullfrog closely misses you. The ball python closely misses you.
The adder barely misses you. The adder bites you but does no damage.
The ball python bites you but does no damage.
The ball python constricts you.
* * * LOW HITPOINT WARNING * * *
The bullfrog hits you.
* * * LOW HITPOINT WARNING * * *
The ball python closely misses you. The bullfrog barely misses you.
The ball python completely misses you.
The ball python bites you but does no damage.
The adder barely misses you. The ball python bites you.
* * * LOW HITPOINT WARNING * * *
The ball python constricts you. The adder barely misses you.
HP[-8]
You take 8 damage, and now have 9/44 hp.
You closely miss the bullfrog.
You feel sick. The bullfrog hits you.
* * * LOW HITPOINT WARNING * * *
The bullfrog closely misses you. The ball python closely misses you.
The ball python barely misses you.
The ball python bites you but does no damage.
The adder bites you but does no damage. The bullfrog closely misses you.
The ball python closely misses you. The ball python constricts you.
The bullfrog closely misses you. The ball python closely misses you.
The ball python bites you but does no damage.
HP[-3]
You take 3 damage, and now have 6/44 hp.
Your unstable footing causes you to fumble your attack.
You feel sick. The bullfrog hits you.
* * * LOW HITPOINT WARNING * * *
The adder bites you but does no damage. x2; The bullfrog barely misses you.
The ball python misses you. The ball python constricts you.
* * * LOW HITPOINT WARNING * * *
The ball python bites you but does no damage.
The ball python closely misses you. x2; The bullfrog hits you.
* * * LOW HITPOINT WARNING * * *
The adder completely misses you. The adder misses you.
The bullfrog closely misses you. The ball python misses you.
The ball python constricts you.
You die...

Skill      XL: |  1  2  3  4  5  6  7 |
---------------+----------------------+-----
Fighting       | 3 5 |  5.0
Short Blades   | 5 6 7 8 |  8.2
Throwing       | |  2.1
Dodging        | |  3.6

Action                   |  1- 3 |  4- 6 |  7- 9 || total
-------------------------+-------+-------+-------++-------
Melee: Rapier            |    49 |    17 |       ||    66
       Punch             |     1 |       |       ||     1
       Whip              |       |     6 |       ||     6
       Long sword        |       |    77 |    34 ||   111
 Stab: Sleeping          |     8 |    10 |     2 ||    20
Armor: Leather armour    |     6 |     9 |       ||    15
       Robe              |       |    14 |    36 ||    50
Dodge: Dodged            |    29 |    81 |   114 ||   224

Levels and vault maps discovered:
D:1:      enne_arrival_octagon_isle, layout_loops_corners
D:2:      layout_loops_corners, serial_forest, infiniplex_forest_straight_3,
          infiniplex_forest_lined_3, infiniplex_forest_split,
          infiniplex_forest_end_1, infiniplex_forest_end_3,
          infiniplex_forest_corner_2, basic_altar, hangedman_decor_push,
          uniq_terence, uniq_sigmund
D:3:      layout_loops_corners, mainiacjoe_overflow_alcove_1
D:4:      layout_layer_cave, cheibrodos_sewer_entry_sluice
Sewer:    sewer_minmay_w

Notes
Turn   | Place    | Note
-------+----------+-------------------------------------------
     0 | D:1      | zeratav the Kobold Gladiator began the quest for the Orb.
     0 | D:1      | Reached XP level 1. HP: 12/12 MP: 1/1
     0 | D:1      | magus.rc [v1.9.6]
     5 | D:1      | You add the spells Tukima's Dance, Passage of Golubria and
                  | Yara's Violent Unravelling to your library.
   369 | D:1      | Reached XP level 2. HP: 18/18 MP: 2/2
   387 | D:1      | Reached skill level 3 in Fighting
  1136 | D:1      | Reached XP level 3. HP: 13/23 MP: 3/3
  1465 | D:2      | Noticed Sigmund
  1485 | D:2      | Killed Sigmund
  1486 | D:2      | Reached skill level 5 in Fighting
  1486 | D:2      | Reached skill level 5 in Short Blades
  1486 | D:2      | Reached XP level 4. HP: 24/31 MP: 4/4
  1486 | D:2      | Reached XP level 5. HP: 27/35 MP: 5/5
  1605 | D:2      | Found a broken altar of Ashenzari.
  1819 | D:2      | Identified the +6 whip of the Wilderness {venom, rCorr
                  | Dex+5}
  1822 | D:2      | Reached skill level 6 in Short Blades
  1859 | D:2      | Noticed Terence
  1867 | D:2      | Killed Terence
  1868 | D:2      | Reached XP level 6. HP: 26/40 MP: 6/6
  2843 | D:3      | Identified the +8 long sword of Conscience {venom, rC+
                  | Int-2 SInv}
  2936 | D:3      | Found a snail-covered altar of Cheibriados.
  3213 | D:3      | Reached skill level 7 in Short Blades
  3884 | D:4      | Found a glowing drain.
  3891 | Sewer    | Entered a sewer
  4198 | Sewer    | Reached XP level 7. HP: 44/44 MP: 7/7
  4199 | Sewer    | Reached skill level 8 in Short Blades
  4437 | Sewer    | HP: 11/44 [bullfrog (3)]
  4439 | Sewer    | HP: 5/44 [poisoned by an adder]
  4439 | Sewer    | HP: 2/44 [constriction (1)]
  4439 | Sewer    | Constricted to death by a ball python

Vanquished Creatures
  Sigmund (D:2)
  Terence (D:2)
  An orc wizard (D:3)
  4 adders
  9 river rats (Sewer)
  A dart slug (D:2)
  4 orcs (D:3)
  6 bats
  8 endoplasms
  4 goblins
  9 hobgoblins
  4 quokkas
  10 ball pythons
  6 frilled lizards
  3 kobolds
  27 rats
98 creatures vanquished.

Table legend:
 A = Non-vault XP
 B = Vault XP
 C = Vault XP percentage of total XP
 D = Non-vault monster count
 E = Vault monster count
 F = Vault count percentage of total count
                 A         B        C        D         E       F
            +---------+---------+-------+---------+---------+-------
      Total |     148 |     436 |  74.7 |      50 |      48 |  49.0
            +---------+---------+-------+---------+---------+-------
        D:1 |      30 |       0 |   0.0 |      18 |       0 |   0.0
        D:2 |      26 |     250 |  90.6 |      15 |       2 |  11.8
        D:3 |      92 |       0 |   0.0 |      17 |       0 |   0.0
      Sewer |       0 |     186 | 100.0 |       0 |      46 | 100.0
            +---------+---------+-------+---------+---------+-------

Illustrated notes

Table legend:
 A = Kills in this place as a percentage of kills in entire the game.
 B = Kills by you in this place as a percentage of kills by you in the entire game.
 C = Kills by friends in this place as a percentage of kills by friends in the entire game.
 D = Other kills in this place as a percentage of other kills in the entire game.
 E = Experience gained in this place as a percentage of experience gained in the entire game.
 F = Experience gained in this place divided by the number of levels of this place that you have seen.
                   A       B       C       D       E      F
               +-------+-------+-------+-------+-------+----------------------
         Total | 100.0 | 100.0 |   N/A |   N/A | 100.0 | 116.8
       Dungeon |  53.1 |  53.1 |   N/A |   N/A |  68.2 |  99.5
         Sewer |  46.9 |  46.9 |   N/A |   N/A |  31.8 | 186.0
               +-------+-------+-------+-------+-------+----------------------

Table legend: (Time is in decaauts)
 A = Elapsed time spent in this place.
 B = Non-inter-level travel time spent in this place.
 C = Inter-level travel time spent in this place.
 D = Time resting spent in this place.
 E = Time spent auto-exploring this place.
 F = Levels seen in this place.
 G = Mean time per level.
                   A        B        C        D        E       F      G
               +--------+--------+--------+--------+--------+-----+--------+
         Total |   4498 |   4425 |     73 |    354 |   3581 |   5 |  899.6 |
       Dungeon |   3897 |   3824 |     73 |     99 |   3385 |   4 |  974.2 |
         Sewer |    601 |    601 |      0 |    255 |    196 |   1 |  601.0 |
               +--------+--------+--------+--------+--------+-----+--------+

Top non-repeatable levels by time:
     D:2: 1325 daAuts
     D:1: 1319 daAuts
     D:3: 1240 daAuts
   Sewer: 601 daAuts
     D:4: 12 daAuts
